 Dungeon Crawl Stone Soup version 0.28-a0-1074-g3cb2360906 (webtiles) character file.

Game seed: 12394138828620820860

25797 Peloso the Carver (level 12, -4/112 HPs)
             Began as a Minotaur Fighter on Dec 9, 2021.
             Was a High Priest of Okawaru.
             Slain by a jumping spider (9 damage)
             ... on level 2 of the Lair of Beasts.
             The game lasted 00:26:21 (18304 turns).

Peloso the Carver (Minotaur Fighter)               Turns: 18304, Time: 00:26:21

Health: -4/112     AC: 22    Str: 23    XL:     12   Next: 92%
Magic:  10/11      EV: 11    Int:  5    God:    Okawaru [*****.]
Gold:   748        SH:  7    Dex: 13    Spells: 11/11 levels left

rFire   . . .      SeeInvis .   a - +0 scimitar (elec)
rCold   . . .      Faith    .   c - +0 buckler
rNeg    . . .      Spirit   .   D - +0 plate armour
rPois   +          Reflect  .   (helmet restricted)
rElec   .          Harm     .   T - scarf {repulsion}
rCorr   .          Rampage  .   j - +0 pair of gloves
Will    .....                   z - +0 pair of boots
Stlth   ..........              (no amulet)
HPRegen 0.28/turn               k - ring of poison resistance
MPRegen 0.12/turn               p - +4 ring of slaying

@: heroic, repel missiles
A: horns 2, retaliatory headbutt
a: Renounce Religion, Heroism, Finesse, Duel


You were on level 2 of the Lair of Beasts.
You worshipped Okawaru.
Okawaru was extremely pleased with you.
You visited 3 branches of the dungeon, and saw 14 of its levels.

You collected 844 gold pieces.
You spent 96 gold pieces at shops.

Inventory:

Hand Weapons
 a - a +0 scimitar of electrocution (weapon)
 b - a +4 short sword of flaming
Armour
 c - a +0 buckler (worn)
 i - a +0 chain mail
 j - a +0 pair of gloves (worn)
 z - a +0 pair of boots (worn)
 D - a +0 plate armour (worn)
 T - a scarf of repulsion (worn)
Jewellery
 k - a ring of poison resistance (left hand)
 l - a ring of magical power
 p - a +4 ring of slaying (right hand)
 w - a ring of wizardry
 J - a ring of positive energy
 K - a +4 ring of evasion
 L - a ring of fire
 M - a ring of protection from cold
 P - a ring of resist corrosion
 U - a ring of ice
Wands
 h - a wand of digging (11)
 v - a wand of flame (29)
 y - a wand of charming (13)
 F - a wand of mindburst (11)
 N - a wand of iceblast (5)
 Q - a wand of paralysis (4)
Scrolls
 f - 2 scrolls of enchant weapon
 m - a scroll of summoning
 n - 3 scrolls of blinking
 o - 3 scrolls of teleportation
 q - 2 scrolls of fear
 r - a scroll of acquirement
 s - 2 scrolls of fog
 t - 2 scrolls of magic mapping
 u - 3 scrolls of amnesia {unknown}
 A - 2 scrolls of enchant armour {unknown}
 C - 2 scrolls of vulnerability {unknown}
 I - 2 scrolls of identify
 V - a scroll of brand weapon {unknown}
Potions
 d - 4 potions of might
 e - 7 potions of curing {unknown}
 g - a potion of mutation {unknown}
 x - a potion of resistance {unknown}
 E - 3 potions of lignification {unknown}
 G - a potion of attraction {unknown}
 H - a potion of berserk rage {unknown}
 O - a potion of ambrosia {unknown}
 S - a potion of cancellation {unknown}
 W - a potion of flight {unknown}
Miscellaneous
 R - a tin of tremorstones (2/2)


   Skills:
 + Level 12.0(17.0) Fighting
 + Level 2.0(13.7) Short Blades
 + Level 14.3(19.4) Long Blades
 + Level 8.6(13.6) Maces & Flails
 + Level 0.5(5.5) Throwing
 + Level 14.2(19.2) Armour
 + Level 2.6(7.6) Dodging
 + Level 1.2(6.2) Stealth
 + Level 9.2(14.2) Shields
 + Level 1.1 Invocations
 + Level 1.4 Evocations


You had 11 spell levels left.
You didn't know any spells.
Your spell library contained the following spells:

 Spells                   Type           Power      Damage    Failure   Level
 Slow                     Hex            0%         N/A       98%         1
 Passwall                 Tmut/Erth      0%         N/A       99%         2
 Static Discharge         Conj/Air       0%         N/A       99%         2
 Confusing Touch          Hex            0%         N/A       100%        3
 Swiftness                Air            0%         N/A       100%        3
 Fulminant Prism          Conj/Hex       0%         3d6       100%        4
 Iskenderun's Mystic Bla  Conj/Tloc      0%         2d3       100%        4
 Blade Hands              Tmut           0%         N/A       100%        5
 Lee's Rapid Deconstruct  Erth           0%         3d5*      100%        5
 Lightning Bolt           Conj/Air       0%         1d11      100%        5
 Yara's Violent Unravell  Hex/Tmut       0%         3d3       100%        5
 Eringya's Noxious Bog    Tmut/Pois      0%         N/A       100%        6
 Iron Shot                Conj/Erth      0%         9d1       100%        6
 Maxwell's Capacitive Co  Air            0%         ∞         100%        8
 Animate Armour           Summ/Erth      Unusable   N/A       N/A         4
 Summon Forest            Summ/Tloc      Unusable   N/A       N/A         5
 Summon Hydra             Summ           Unusable   N/A       N/A         7

Dungeon Overview and Level Annotations

Branches:
Dungeon (11/15)            Temple (1/1) D:7            Lair (2/6) D:9
 Spider (0/4) Lair:2          Orc (0/2) D:10
  Swamp: Lair:2-4    Shoals: Lair:2-4

Altars:
Ashenzari
Cheibriados
Elyvilon
Gozag
Hepliaklqana
Kikubaaqudgha
Makhleb
Nemelex Xobeh
Okawaru
Qazlal
Ru
Sif Muna
Uskayaw
Xom

Shops:
D:4 *   D:5 *   D:8 (   D:11 (

Annotations:
D:7 3 runed translucent doors, nht's ghost, novice TrFi


Innate Abilities, Weirdness & Mutations

You have a pair of horns on your head.
You reflexively headbutt those who attack you in melee.


Message History

The jumping spider pounces on you but does no damage.
The jumping spider bites you.
* * * LOW HITPOINT WARNING * * *
You block the wolf spider's attack. The wolf spider bites you!
* * * LOW HITPOINT WARNING * * *
You block the jumping spider's attack. The jumping spider barely misses you.
You slice the wolf spider!!
Lightning courses through the wolf spider!
You kill the wolf spider!
Okawaru accepts your kill. The jumping spider pounces on you!
* * * LOW HITPOINT WARNING * * *
You are caught in a web!
The jumping spider bites you but does no damage.
The web tears apart.
The jumping spider leaps!
Unknown command.
You barely miss the jumping spider.
The jumping spider is moderately wounded.
The jumping spider pounces on you but does no damage.
You block the jumping spider's attack.
Unknown command.
You slash the jumping spider!
Your headbutt misses the jumping spider.
The jumping spider is severely wounded.
The jumping spider closely misses you. x2
Unknown command.
You completely miss the jumping spider. You headbutt the jumping spider!
The jumping spider is almost dead.
The jumping spider pounces on you but does no damage.
The jumping spider bites you but does no damage.
Unknown command.
You completely miss the jumping spider.
The jumping spider is almost dead.
The jumping spider pounces on you.
* * * LOW HITPOINT WARNING * * *
You are caught in a web!
The jumping spider bites you but does no damage.
Unknown command.
The web tears apart.
The jumping spider pounces on you!
You die...

..###.#.## #....#
>..###.#.# #....#
...^.#..## #....#
.^.^^###.## ##....#
#^....###.###.....#
#..^^.##..###....##
. #.^^...#..#.....#
..####....##.#....##
.....##.@.###.....#
......#†s.......^.#
..................#
..................#
............(......#
#.......##.P###..#.#
#.....####### ####.#
##.$.. .. ##...


You could see a jumping spider.

Vanquished Creatures
  Harold (D:8)
  3 hydras
  Fannar (Lair:1)
  A boulder beetle (D:6)
  A two-headed ogre (D:10)
  5 death yaks
  Pikel (D:8)
  2 wolf spiders (Lair:2)
  A manticore (D:11)
  2 cyclopes (D:11)
  Joseph (D:8)
  A black mamba (Lair:2)
  6 cane toads
  2 gargoyles (D:11)
  Psyche (D:8)
  A rime drake (Lair:2)
  5 komodo dragons
  A troll (D:11)
  A jumping spider (Lair:2)
  A hornet (D:11)
  Grinder (D:5)
  2 shadows (D:10)
  3 wraiths
  A redback (Lair:2)
  9 yaks
  3 basilisks
  A steam dragon (D:6)
  2 vampire mosquitoes (D:11)
  Menkaure (D:7)
  An acid dragon (D:11)
  10 water moccasins
  4 ice beasts
  9 orc warriors
  3 sky beasts
  An ogre (D:5)
  A black bear (D:9)
  A necrophage (D:7)
  13 wolves
  3 phantoms
  Blork the orc (D:5)
  3 kobold brigands (D:7)
  11 bullfrogs
  A gnoll sergeant (D:9)
  5 scorpions
  A water moccasin zombie (D:5)
  A troll zombie (D:10)
  6 killer bees
  12 wights
  A howler monkey (D:8)
  A bullfrog zombie (D:7)
  3 centaur zombies
  A hound (D:6)
  A jelly (D:5)
  6 orc priests
  A bullfrog skeleton (D:6)
  Crazy Yiuf (D:5)
  5 iguanas
  Terence (D:3)
  12 orc wizards
  7 ogre zombies (D:10)
  2 hound zombies (D:5)
  9 gnolls
  6 adders
  A shadow imp (D:5)
  An adder skeleton (D:5)
  2 worms
  5 dart slugs
  51 orcs
  7 bats
  7 endoplasms
  3 giant cockroaches
  11 goblins
  5 hobgoblins
  17 kobolds
  3 quokkas
  6 ball pythons
  2 frilled lizards
  2 goblin zombies (D:10)
  A hobgoblin skeleton (D:10)
  4 hobgoblin zombies (D:10)
  2 orc skeletons (D:10)
  16 orc zombies (D:10)
  A quokka skeleton (D:4)
  5 rats
357 creatures vanquished.

Vanquished Creatures (others)
  A kobold (D:7)
  39 fungi
  27 plants
67 creatures vanquished.

Grand Total: 424 creatures vanquished

Notes
Turn   | Place    | Note
-------+----------+-------------------------------------------
     0 | D:1      | Peloso the Minotaur Fighter began the quest for the Orb.
     0 | D:1      | Reached XP level 1. HP: 19/19 MP: 0/0
   236 | D:1      | Reached XP level 2. HP: 26/27 MP: 1/1
   326 | D:1      | You fall into a shaft and drop 1 floor!
   980 | D:2      | Reached XP level 3. HP: 33/33 MP: 2/2
  1835 | D:1      | Found a faded altar of an unknown god.
  1982 | D:3      | Noticed Terence
  1995 | D:3      | Killed Terence
  1996 | D:3      | Reached XP level 4. HP: 31/40 MP: 3/3
  2284 | D:3      | Found a burning altar of Makhleb.
  2332 | D:3      | Reached skill level 1 in Dodging
  2332 | D:3      | HP: 2/40 [gnoll (7)]
  2683 | D:3      | Reached skill level 5 in Armour
  2683 | D:3      | Reached XP level 5. HP: 13/46 MP: 4/4
  3436 | D:4      | Found Jitem's Elemental Accessories.
  3489 | D:3      | Reached XP level 6. HP: 51/53 MP: 5/5
  3547 | D:4      | Identified the +0 leather armour of Zocaxacs {rF++ Dex-2}
  3961 | D:4      | Reached skill level 5 in Long Blades
  4077 | D:5      | Entered Level 5 of the Dungeon
  4093 | D:5      | Found Lisoguonwi's Assorted Antiques.
  4146 | D:5      | Reached XP level 7. HP: 27/60 MP: 6/6
  4360 | D:5      | Bought a scroll labelled OSOASO ROFO for 32 gold pieces
  4360 | D:5      | Bought a scroll labelled UROUPUFFEVE for 32 gold pieces
  4360 | D:5      | Bought a scroll labelled WYK SOTSES for 32 gold pieces
  4363 | D:5      | Noticed Blork the orc
  4383 | D:5      | Killed Blork the orc
  4410 | D:5      | Reached skill level 5 in Fighting
  4607 | D:5      | Noticed Grinder
  4622 | D:5      | Killed Grinder
  4623 | D:5      | Reached XP level 8. HP: 49/68 MP: 7/7
  4664 | D:5      | Identified the +7 mace of the Sky {speed, *Noise rPois
                  | rF++}
  4770 | D:5      | Found a white marble altar of Elyvilon.
  4796 | D:5      | Reached skill level 1 in Maces & Flails
  4941 | D:5      | Found a shimmering blue altar of Sif Muna.
  5066 | D:5      | Found a runed translucent door.
  5067 | D:5      | Noticed Crazy Yiuf
  5069 | D:5      | Identified the +3 mace "Bururej" {vorpal, Drain rN+ rCorr}
  5072 | D:5      | Killed Crazy Yiuf
  5127 | D:5      | Reached skill level 1 in Stealth
  5127 | D:5      | Reached skill level 5 in Shields
  5846 | D:6      | Reached XP level 9. HP: 51/75 MP: 8/8
  5854 | D:6      | Reached skill level 5 in Maces & Flails
  6284 | D:6      | Noticed a boulder beetle
  6315 | D:6      | Killed a boulder beetle
  7262 | D:7      | Reached skill level 1 in Evocations
  7518 | D:7      | Found a shimmering altar of Xom.
  7712 | D:7      | Found a runed translucent gate.
  7712 | D:7      | Found a runed translucent gate.
  7712 | D:7      | Found a runed translucent gate.
  7712 | D:7      | Noticed nht's ghost (novice TrFi)
  7713 | D:7      | Noticed Menkaure
  7718 | D:7      | Killed Menkaure
  8195 | D:7      | Found a staircase to the Ecumenical Temple.
  8332 | Temple   | Entered the Ecumenical Temple
  8427 | Temple   | Became a worshipper of Warmaster Okawaru
  8646 | D:8      | Reached XP level 10. HP: 88/88 MP: 9/9
  8689 | D:8      | Noticed Pikel
  8699 | D:8      | Killed Pikel
  8714 | D:8      | Identified a scroll of acquirement
  9012 | D:8      | Noticed Psyche
  9016 | D:8      | Killed Psyche
  9016 | D:8      | Reached * piety under Okawaru
  9040 | D:8      | Reached skill level 10 in Armour
  9502 | D:8      | Found Etoxy's Weapon Shop.
  9502 | D:8      | Noticed Joseph
  9681 | D:8      | Found a broken altar of Ashenzari.
  9750 | D:8      | Noticed Harold
  9765 | D:8      | Killed Harold
  9766 | D:8      | Reached skill level 10 in Long Blades
 10075 | D:9      | Identified the +0 war axe "Asixadot" {speed, rCorr Stlth+}
 10106 | D:8      | Killed Joseph
 10106 | D:8      | Reached ** piety under Okawaru
 10281 | D:9      | Found a stormy altar of Qazlal.
 10399 | D:9      | Found a staircase to the Lair.
 11354 | D:10     | Entered Level 10 of the Dungeon
 11383 | D:10     | Reached XP level 11. HP: 87/97 MP: 10/10
 11494 | D:9      | Reached *** piety under Okawaru
 12171 | D:10     | Found a staircase to the Orcish Mines.
 12271 | D:10     | Found a large runed translucent door.
 12272 | D:10     | Found a large runed translucent door.
 12393 | D:10     | Noticed a two-headed ogre
 12409 | D:10     | Killed a two-headed ogre
 12654 | D:10     | Found a snail-covered altar of Cheibriados.
 12661 | D:10     | Found a sparkling altar of Nemelex Xobeh.
 12774 | D:11     | Reached **** piety under Okawaru
 12775 | D:11     | Reached skill level 10 in Fighting
 13435 | D:11     | Noticed a six-headed hydra
 13445 | D:11     | Killed a six-headed hydra
 13445 | D:11     | Received a gift from Okawaru
 13862 | D:11     | Found Vacehahu's Weapon Shop.
 13954 | D:11     | Reached ***** piety under Okawaru
 14354 | Lair:1   | Entered Level 1 of the Lair of Beasts
 14406 | Lair:1   | Reached skill level 1 in Short Blades
 14579 | Lair:1   | Noticed a death yak
 14579 | Lair:1   | Noticed a death yak
 14589 | Lair:1   | Noticed a death yak
 14592 | Lair:1   | Noticed a death yak
 14594 | Lair:1   | Noticed a death yak
 14597 | Lair:1   | Killed a death yak
 14610 | Lair:1   | Killed a death yak
 14650 | D:9      | Killed a death yak
 14651 | D:9      | Reached XP level 12. HP: 14/108 MP: 9/11
 15013 | Lair:1   | Killed a death yak
 15014 | Lair:1   | Reached skill level 1 in Invocations
 15023 | Lair:1   | Killed a death yak
 15023 | Lair:1   | Received a gift from Okawaru
 15955 | Lair:1   | Noticed Fannar
 15962 | Lair:1   | Killed Fannar
 16528 | Lair:2   | Noticed an eight-headed hydra
 16543 | Lair:2   | Killed an eight-headed hydra
 16753 | Lair:2   | Identified the +3 longbow "Acry" {freeze, Fly Int+6 Dex-5}
                  | (Okawaru gifted it to you on level 2 of the Lair of Beasts)
 16753 | Lair:2   | Received a gift from Okawaru
 16946 | Lair:2   | Noticed an eight-headed hydra
 16961 | Lair:2   | Killed an eight-headed hydra
 18280 | Lair:2   | Found a hole to the Spider Nest.
 18303 | Lair:2   | HP: 5/112 [jumping spider (4)]
 18304 | Lair:2   | Slain by a jumping spider

Illustrated notes

Levels and vault maps discovered:
D:1:      lightli_arrival_statue_moat, layout_loops_ring,
          shapermc_ecumenical_altar_hornbeckon
D:2:      layout_basic
D:3:      layout_loops_ring, mainiacjoe_overflow_brackets, uniq_terence
D:4:      layout_basic, amcnicky_mini_rare_corridor_liquid,
          nicolae_elemental_shop
D:5:      layout_rooms, led_sif_pool, lemuel_crystal_altar, serial_shops,
          nicolae_diamond_shop, chequers_jeans, st_stairs_14,
          grunt_ministairs_12, grunt_tough_drop, uniq_crazy_yiuf_cottage,
          uniq_grinder, uniq_blork_the_orc
D:6:      layout_loops_corners, chequers_hall_statues_corner_a,
          serial_bayou_pond_d
D:7:      layout_basic, xom_teletrap_fun, lemuel_temple_firewalk_b,
          gammafunk_ghost_nasty_kobolds, uniq_menkaure
D:8:      layout_basic, evilmike_ruin_ashenzari, nicolae_take_the_stairs,
          uniq_psyche, uniq_pikel, uniq_joseph, uniq_harold
D:9:      layout_stronghold, mainiacjoe_overflow_surrounded_room,
          due_lair_maze_entry_diamond
D:10:     layout_cave_pools, jmf_multi_god_temple2, zombieorc2_lemuel,
          kennysheep_generic_room_9
D:11:     layout_cave_pods, serial_shops, nicolae_shop_behind_doors,
          kennysheep_donut
Temple:   minmay_temple_curvy_branch
Lair:1:   layout_regular_city, uniq_fannar
Lair:2:   layout_hall_layers, spider_nest_entry_funnel_web,
          dreamdust_deal_with_the_devil

Skill      XL: |  1  2  3  4  5  6  7  8  9 10 11 12 |
---------------+-------------------------------------+-----
Fighting       | 4 5 6 8 9 10 12 | 12.0
Armour         | 4 5 6 7 8 9 11 12 14 | 14.2
Shields        | 4 5 6 8 9 |  9.2
Long Blades    | 3 4 5 7 8 10 12 14 | 14.3
Dodging        | 1 2 |  2.6
Maces & Flails | 4 8 |  8.6
Stealth        | 1 |  1.2
Evocations     | 1 |  1.4
Short Blades   | 1 2 |  2.0
Invocations    | 1 |  1.1
Throwing       | |  0.5

Action                   |  1- 3 |  4- 6 |  7- 9 | 10-12 || total
-------------------------+-------+-------+-------+-------++-------
Melee: Long sword        |    88 |   163 |    65 |   426 ||   742
       Headbutt          |    13 |    29 |    54 |   177 ||   273
       Mace              |       |       |   176 |       ||   176
       Short sword       |       |       |       |    22 ||    22
       Scimitar          |       |       |       |   156 ||   156
Throw: Throwing net      |       |       |     1 |       ||     1
Invok: Heroism           |       |       |       |    10 ||    10
Evoke: Wand              |       |       |     7 |       ||     7
  Use: Potion            |     1 |       |     1 |     1 ||     3
       Scroll            |       |       |     7 |     2 ||     9
Armor: Scale mail        |    27 |       |       |       ||    27
       Chain mail        |       |    86 |    92 |       ||   178
       Plate armour      |       |       |     1 |   396 ||   397
Dodge: Dodged            |    45 |    61 |    74 |   199 ||   379
       Repelled          |       |       |       |     1 ||     1
Block: Buckler           |    22 |    36 |    32 |   190 ||   280

Table legend: (Time is in decaauts)
 A = Elapsed time spent in this place.
 B = Non-inter-level travel time spent in this place.
 C = Inter-level travel time spent in this place.
 D = Time resting spent in this place.
 E = Time spent auto-exploring this place.
 F = Levels seen in this place.
 G = Mean time per level.
                   A        B        C        D        E       F      G
               +--------+--------+--------+--------+--------+-----+--------+
         Total |  18231 |  17798 |    433 |   1610 |  13098 |  14 | 1302.2 |
       Dungeon |  14575 |  14144 |    431 |   1239 |  10314 |  11 | 1325.0 |
        Temple |    125 |    125 |      0 |      0 |     88 |   1 |  125.0 |
          Lair |   3530 |   3530 |      0 |    371 |   2696 |   2 | 1765.0 |
               +--------+--------+--------+--------+--------+-----+--------+

Top non-repeatable levels by time:
     D:6: 1811 daAuts
     D:9: 1792 daAuts
  Lair:1: 1779 daAuts
  Lair:2: 1751 daAuts
    D:10: 1472 daAuts
     D:8: 1422 daAuts
    D:11: 1357 daAuts
     D:5: 1300 daAuts
     D:7: 1278 daAuts
     D:3: 1161 daAuts
     D:1: 1135 daAuts
     D:2: 1126 daAuts
     D:4: 716 daAuts
  Temple: 125 daAuts
